 Dungeon Crawl Stone Soup version 0.29-a0-218-gf2abdc9806 (webtiles) character file.

Game seed: 637936249404601182

811 Colgate the Destroyer (level 7, -13/46 HPs)
             Began as a Demonspawn Conjurer on Feb 25, 2022.
             Was a Believer of Makhleb.
             Mangled by a two-headed ogre
             ... wielding a +0 giant club
              (26 damage)
             ... on level 5 of the Dungeon.
             The game lasted 00:15:05 (5390 turns).

Colgate the Destroyer (Demonspawn Conjurer)         Turns: 5390, Time: 00:15:05

Health: -13/46     AC:  8    Str:  7    XL:     7   Next: 61%
Magic:  0/11       EV: 12    Int: 22    God:    Makhleb [**....]
Gold:   220        SH:  0    Dex: 11    Spells: 5/12 levels left

rFire   . . .      SeeInvis .   t - +2 dagger (flame)
rCold   . . .      Faith    .   (no shield)
rNeg    . . .      Spirit   +   a - +0 robe
rPois   .          Reflect  .   o - +0 helmet
rElec   .          Harm     .   (no cloak)
rCorr   .          Rampage  .   i - +0 pair of gloves
Will    .....                   (no boots)
Stlth   ++........              c - amulet of guardian spirit
HPRegen 0.15/turn               y - +4 ring of protection
MPRegen 0.12/turn               (no ring)

@: no status effects
A: hooves 2, powered by death 2
a: Renounce Religion, Minor Destruction


You were on level 5 of the Dungeon.
You worshipped Makhleb.
Makhleb was pleased with you.
You visited 1 branch of the dungeon, and saw 5 of its levels.

You collected 220 gold pieces.

Inventory:

Hand Weapons
 b - a +0 short sword
 j - a +0 mace
 t - a +2 dagger of flaming (weapon)
Missiles
 h - 3 silver javelins
 B - a throwing net {!f}
Armour
 a - a +0 robe (worn)
 i - a +0 pair of gloves (worn)
 o - a +0 helmet (worn)
 q - a +1 pair of gloves
Magical Staves
 l - a staff of cold
Jewellery
 c - an amulet of guardian spirit (around neck)
 y - a +4 ring of protection (left hand)
Scrolls
 d - a scroll of summoning {unknown}
 f - 2 scrolls of enchant weapon {unknown}
 m - 2 scrolls of vulnerability
 n - a scroll of magic mapping {@r5}
 r - 4 scrolls of teleportation {@r3}
 A - a scroll of immolation {unknown}
 C - a scroll of fog {unknown}
 D - a scroll of acquirement {unknown}
 E - a scroll of noise
Potions
 e - a potion of heal wounds {unknown}
 g - a potion of cancellation {unknown}
 k - 7 potions of curing {@q1}
 p - a potion of brilliance {unknown}
 s - a potion of haste {unknown}
 u - a potion of attraction {unknown}
 v - a potion of might {unknown}
 w - a potion of lignification
 x - 2 potions of mutation {unknown}
 z - a potion of flight {unknown}


   Skills:
 - Level 1.7 Dodging
 - Level 1.7 Stealth
 + Level 3.0 Spellcasting
 - Level 9.0 Conjurations
 - Level 1.5 Hexes


You had 5 spell levels left.
You knew the following spells:

 Your Spells              Type           Power      Damage    Failure   Level
a - Magic Dart            Conj           100%       1d8       1%          1
b - Searing Ray           Conj           86%        2d7       1%          2
c - Fulminant Prism       Conj/Hex       13%        3d9       14%         4

Your spell library contained the following spells:

 Spells                   Type           Power      Damage    Failure   Level
 Static Discharge         Conj/Air       23%        N/A       3%          2
 Dazzling Flash           Conj/Hex       52%        N/A       4%          3
 Mephitic Cloud           Conj/Pois/Air  16%        N/A       11%         3
 Call Imp                 Summ           3%         N/A       19%         2
 Iskenderun's Mystic Bla  Conj/Tloc      23%        2d6       19%         4
 Lightning Bolt           Conj/Air       11%        1d24      47%         5
 Starburst                Conj/Fire      11%        6d5       96%         6
 Malign Gateway           Summ/Tloc      1%         N/A       100%        7
 Maxwell's Capacitive Co  Air            1%         ∞         100%        8
 Summon Horrible Things   Summ           1%         N/A       100%        8


Dungeon Overview and Level Annotations

Branches:
Dungeon (5/15)             Temple (0/1) D:5

Altars:
Makhleb
Wu Jian

Shops:
D:3 :

Annotations:
D:3 3 runed translucent doors, erthbison's ghost, amateur GrFi


Innate Abilities, Weirdness & Mutations

You have hoof-like feet.
You regenerate health from kills.


Message History

The two-headed ogre hits you with a +0 giant club!!
Casting: Searing Ray (safe; 1% risk of failure)
You don't have enough magic to cast this spell.
Casting: Searing Ray (safe; 1% risk of failure)
Aiming: Fulminant Prism (quite dangerous; 14% risk of failure)
You conjure a prism of explosive energy!
A fulminant prism comes into view.
The two-headed ogre completely misses you.
The two-headed ogre hits you but does no damage.
Your fulminant prism crackles loudly.
Your fulminant prism explodes!
The blast of energy engulfs the two-headed ogre!
Casting: Fulminant Prism (quite dangerous; 14% risk of failure)
Aiming: Fulminant Prism (quite dangerous; 14% risk of failure)
You conjure a prism of explosive energy!
A fulminant prism comes into view.
Your fulminant prism crackles loudly.
Your fulminant prism explodes!
The blast of energy engulfs the two-headed ogre!!
Casting: Fulminant Prism (quite dangerous; 14% risk of failure)
Aiming: Fulminant Prism (quite dangerous; 14% risk of failure)
You conjure a prism of explosive energy!
A fulminant prism comes into view.
The two-headed ogre hits you with a +0 giant club.
The two-headed ogre hits you with a +0 giant club!
Your fulminant prism crackles loudly.
Your fulminant prism explodes!
The blast of energy engulfs the two-headed ogre!
Casting: Fulminant Prism (quite dangerous; 14% risk of failure)
Aiming: Fulminant Prism (quite dangerous; 14% risk of failure)
You conjure a prism of explosive energy!
A fulminant prism comes into view.
The two-headed ogre barely misses you.
The two-headed ogre hits you with a +0 giant club!
* * * LOW HITPOINT WARNING * * *
Your fulminant prism crackles loudly.
You hear an explosion!
The two-headed ogre hits you with a +0 giant club!!
Ouch! That really hurt!
You die...

,,#.# *#.##,,##.⌠.##.............
,,#.####.#.,*#.....##...#.#.####.
,,#........##..#.#..##..#.#.# #.
,**###.#.#....##.##.....#.#.# #.
**,,,....#...##...##....#.#.# #.
#*,**#.#.#.⌠....>....⌠..#.#.# #.
...###.#.....##...##....#.#.# #.
..............##.##.....#.#.#####
...###.##..##..#@#..##...........
#......##...##...O.##.........###
##...........##.⌠.##....#.#.#.#
,##.#####.#...#...#..#..#.#.#.#
,,#.* #.#.................#.#
,,#.#####.#...............###.###
,,#.........##.###...............
,*#######..............<#.###.###
** ###.##.###..#...#.# #...,


You could see a two-headed ogre.

Vanquished Creatures
  Menkaure (D:5)
  A water moccasin (D:5)
  A sky beast (D:5)
  A necrophage (D:4)
  A centaur (D:5)
  A scorpion (D:4)
  3 hounds
  An iguana (D:5)
  Robin (D:2)
  6 adders
  A white imp (D:5)
  2 dart slugs
  3 orcs
  8 ball pythons
  3 bats
  6 endoplasms
  2 giant cockroaches
  18 goblins
  8 hobgoblins
  2 jackals (D:3)
  5 kobolds
  A quokka (D:3)
  2 frilled lizards
  3 rats
81 creatures vanquished.

Vanquished Creatures (others)
  14 fulminant prisms (D:5)
14 creatures vanquished.

Grand Total: 95 creatures vanquished

Notes
Turn   | Place    | Note
-------+----------+-------------------------------------------
     0 | D:1      | Colgate the Demonspawn Conjurer began the quest for the
                  | Orb.
     0 | D:1      | Reached XP level 1. HP: 13/13 MP: 3/3
   459 | D:1      | Gained mutation: You have large cloven feet. [demonic
                  | ancestry]
   459 | D:1      | Reached XP level 2. HP: 19/19 MP: 1/5
   514 | D:1      | Learned a level 2 spell: Searing Ray
   917 | D:1      | Found a faded altar of an unknown god.
   933 | D:1      | Prayed at the altar of an unknown god.
   933 | D:1      | Became a worshipper of Makhleb the Destroyer
   933 | D:1      | Reached * piety under Makhleb
  1296 | D:2      | Reached skill level 5 in Conjurations
  1312 | D:2      | Gained mutation: You regenerate a little health from kills.
                  | [demonic ancestry]
  1312 | D:2      | Reached XP level 3. HP: 24/24 MP: 2/6
  1542 | D:2      | Noticed Robin
  1766 | D:2      | Killed Robin
  1936 | D:2      | Reached ** piety under Makhleb
  2017 | D:2      | Reached XP level 4. HP: 30/30 MP: 4/7
  2573 | D:3      | Found a runed translucent gate.
  2574 | D:3      | Found a runed translucent gate.
  2576 | D:3      | Found a runed translucent gate.
  2674 | D:3      | Found Foasmeti's Book Boutique.
  2855 | D:3      | Noticed erthbison's ghost (amateur GrFi)
  2888 | D:3      | Reached skill level 6 in Conjurations
  2973 | D:3      | Learned a level 4 spell: Fulminant Prism
  3321 | D:4      | Reached skill level 1 in Hexes
  3321 | D:4      | Reached XP level 5. HP: 35/35 MP: 4/8
  3568 | D:4      | Noticed a necrophage
  4116 | D:4      | Killed a necrophage
  4117 | D:4      | Gained mutation: You have hoof-like feet. [demonic
                  | ancestry]
  4117 | D:4      | Reached XP level 6. HP: 41/41 MP: 0/10
  4244 | D:4      | Found an ornate altar of the Wu Jian Council.
  4273 | D:5      | Entered Level 5 of the Dungeon
  4313 | D:5      | Reached skill level 7 in Conjurations
  4372 | D:5      | Noticed a sky beast
  4399 | D:5      | Killed a sky beast
  4469 | D:5      | Noticed a water moccasin
  4489 | D:5      | Killed a water moccasin
  4490 | D:5      | Reached skill level 8 in Conjurations
  4490 | D:5      | Gained mutation: You regenerate health from kills. [demonic
                  | ancestry]
  4490 | D:5      | Reached XP level 7. HP: 36/46 MP: 1/11
  4715 | D:5      | Noticed a two-headed ogre
  4748 | D:5      | Noticed Menkaure
  4756 | D:5      | Killed Menkaure
  4974 | D:5      | Reached skill level 9 in Conjurations
  5092 | D:5      | Found a staircase to the Ecumenical Temple.
  5390 | D:5      | Mangled by a two-headed ogre

Illustrated notes

Levels and vault maps discovered:
D:1:      lightli_arrival_windingriver, layout_loops_ring,
          hellmonk_ecumenical_altar_lost_god, minmay_misc_feat_diagonals
D:2:      layout_loops_ring, uniq_robin
D:3:      layout_basic, ebering_ghost_rock_garden, serial_shops,
          nicolae_shop_crystal
D:4:      layout_rooms, mainiacjoe_overflow_surrounded_room
D:5:      kennysheep_six_static_rooms, layout_basic,
          gammafunk_temple_overflow_claw, minmay_temple_entry_waves,
          uniq_menkaure

Skill      XL: |  1  2  3  4  5  6  7 |
---------------+----------------------+-----
Conjurations   | 5 6 8 9 |  9.0
Hexes          | 1 |  1.5
Spellcasting   | 3 |  3.0
Dodging        | |  1.7
Stealth        | |  1.7

Action                   |  1- 3 |  4- 6 |  7- 9 || total
-------------------------+-------+-------+-------++-------
Melee: Short sword       |    12 |       |       ||    12
       Mace              |    10 |       |       ||    10
       Kick              |     1 |     4 |     1 ||     6
       Dagger            |       |    13 |     6 ||    19
       Punch             |       |       |     1 ||     1
 Cast: Magic Dart        |    40 |    42 |       ||    82
       Searing Ray       |    12 |    19 |     2 ||    33
       Fulminant Prism   |       |     5 |     9 ||    14
Invok: Minor Destruction |       |     6 |       ||     6
  Use: Scroll            |       |     6 |       ||     6
Armor: Robe              |     5 |    11 |     3 ||    19
Dodge: Dodged            |    19 |    11 |     5 ||    35

Table legend: (Time is in decaauts)
 A = Elapsed time spent in this place.
 B = Non-inter-level travel time spent in this place.
 C = Inter-level travel time spent in this place.
 D = Time resting spent in this place.
 E = Time spent auto-exploring this place.
 F = Levels seen in this place.
 G = Mean time per level.
                   A        B        C        D        E       F      G
               +--------+--------+--------+--------+--------+-----+--------+
         Total |   5402 |   5237 |    165 |      0 |   4452 |   5 | 1080.4 |
       Dungeon |   5402 |   5237 |    165 |      0 |   4452 |   5 | 1080.4 |
               +--------+--------+--------+--------+--------+-----+--------+

Top non-repeatable levels by time:
     D:1: 1211 daAuts
     D:2: 1131 daAuts
     D:5: 1085 daAuts
     D:3: 1014 daAuts
     D:4: 959 daAuts
